 Dungeon Crawl Stone Soup version 0.30-a0-118-ga018f8e90f (webtiles) character file.

Game seed: 3328321764600210258

62 LnG the Chopper (level 4, -2/40 HPs)
             Began as a Hill Orc Fighter on Sept 13, 2022.
             Slain by a gnoll
             ... wielding a +0 halberd
              (8 damage)
             ... on level 2 of the Dungeon.
             The game lasted 00:02:17 (1277 turns).

LnG the Chopper (Hill Orc Fighter)                  Turns: 1277, Time: 00:02:18

Health: -2/40      AC:  7    Str: 20    XL:     4   Next: 8%
Magic:  4/4        EV:  9    Int:  8    God:
Gold:   108        SH:  4    Dex: 10    Spells: 3/3 levels left

rFire   + . .      SeeInvis +    a - +0 war axe
rCold   + . .      Faith    .    c - +0 buckler
rNeg    . . .      Spirit   .    b - +0 scale mail
rPois   +          Reflect  .    (no helmet)
rElec   +          Harm     .    (no cloak)
rCorr   +          Rampage  .    (no gloves)
Will    .....                    (no boots)
Stlth   ..........               (no amulet)
HPRegen 0.13/turn                e - ring of see invisible
MPRegen 0.09/turn                (no ring)

@: resistant
A: no striking features
a: no special abilities


You were on level 2 of the Dungeon.
You visited 1 branch of the dungeon, and saw 2 of its levels.

You collected 108 gold pieces.

Inventory:

Hand Weapons
 a - a +0 war axe (weapon)
Armour
 b - a +0 scale mail (worn)
 c - a +0 buckler (worn)
Jewellery
 e - a ring of see invisible (left hand)
 s - a ring of ice
Scrolls
 f - a scroll of teleportation {unknown}
 h - a scroll of vulnerability {unknown}
 j - 2 scrolls of identify {unknown}
 l - a scroll of acquirement {unknown}
 o - a scroll of fear {unknown}
 p - a scroll of amnesia {unknown}
 q - a scroll of torment {unknown}
 r - a scroll of enchant weapon {unknown}
Potions
 d - 2 potions of might
 g - a potion of lignification {unknown}
 i - a potion of berserk rage {unknown}
 k - a potion of resistance
 m - a potion of curing {unknown}
 n - a potion of mutation {unknown}


   Skills:
 + Level 4.0 Fighting
 + Level 4.6 Axes
 + Level 3.8 Armour
 + Level 0.1 Dodging
 + Level 3.4 Shields


You had 3 spell levels left.
You didn't know any spells.
Your spell library was empty.

Dungeon Overview and Level Annotations

Branches:
Dungeon (2/15)

Altars:


Message History

A gnoll comes into view. It is wielding a +0 flail.
The gnoll shouts!
A gnoll comes into view. It is wielding a +0 spear.
There is an open door here.
Found a mace.
The gnoll shouts!
You hear a shout!
A gnoll comes into view. It is wielding a +0 halberd.
You block the gnoll's attack.
The gnoll hits you from afar with a +0 spear.
You slash the gnoll!
The gnoll is almost dead.
The gnoll barely misses you. The gnoll closely misses you.
The gnoll barely misses you. The gnoll closely misses you.
You hit the gnoll but do no damage.
The gnoll is almost dead.
The gnoll closely misses you. You block the gnoll's attack.
The gnoll closely misses you.
You barely miss the gnoll.
The gnoll is almost dead.
The gnoll closely misses you.
The gnoll hits you from afar with a +0 halberd.
You block the gnoll's attack.
You slash the gnoll!
You kill the gnoll!
The gnoll hits you from afar with a +0 halberd!
The gnoll hits you from afar with a +0 spear. x2
The gnoll hits you from afar with a +0 halberd.
* * * LOW HITPOINT WARNING * * *
You have reached level 4!
You are too injured to fight recklessly!
Unknown command.
It was a potion of resistance.
You feel protected.
The gnoll hits you from afar with a +0 spear.
* * * LOW HITPOINT WARNING * * *
The gnoll barely misses you.
Unknown command.
You are too injured to fight recklessly!
The gnoll hits you with a +0 halberd!
You die...

#######.#### ..# #.# #.#
#.# #.# ##+## ..#
##...## #### #
..###.....## ##...#.#
.)##.......## #.#.#..#
.##.........###).g...###
..+.........'...@g..)...
.##.........####...#####
.###.......## ##.## ##
##.....## .# ##...## .#
##'## .# #.### .#
#######...# .#
........#.#


You could see 2 gnolls.

Vanquished Creatures
  A gnoll (D:2)
  2 adders (D:2)
  2 dart slugs
  6 bats
  3 goblins
  A hobgoblin (D:1)
  5 jackals (D:1)
  A quokka (D:1)
  2 ball pythons
  2 frilled lizards (D:2)
  3 kobolds
  5 rats
33 creatures vanquished.

Notes
Turn   | Place    | Note
-------+----------+-------------------------------------------
     0 | D:1      | LnG the Hill Orc Fighter began the quest for the Orb.
     0 | D:1      | Reached XP level 1. HP: 19/19 MP: 1/1
   315 | D:1      | Reached XP level 2. HP: 27/27 MP: 2/2
   362 | D:1      | Found a faded altar of an unknown god.
   363 | D:1      | Noticed a shining eye
   364 | D:1      | Noticed a shining eye
   365 | D:1      | Noticed a great orb of eyes
   365 | D:1      | Noticed a shining eye
   852 | D:1      | Reached XP level 3. HP: 32/33 MP: 3/3
  1276 | D:2      | Reached XP level 4. HP: 8/40 MP: 4/4
  1277 | D:2      | Slain by a gnoll

Illustrated notes

Levels and vault maps discovered:
D:1:      matt_arrival_spirals, layout_rooms,
          hellmonk_ecumenical_altar_watching_god, minmay_3d_cube
D:2:      layout_loops_corners, basic_altar, kennysheep_pointless_box,
          minmay_octomino_j4

Skill      XL: |  1  2  3 |
---------------+----------+-----
Axes           | 3 4 |  4.6
Fighting       | 4 |  4.0
Armour         | |  3.8
Dodging        | |  0.1
Shields        | |  3.4

Action                   |  1- 3 |  4- 6 || total
-------------------------+-------+-------++-------
Melee: War axe           |   105 |       ||   105
  Use: Potion            |       |     1 ||     1
Armor: Scale mail        |    60 |       ||    60
Dodge: Dodged            |    51 |     1 ||    52
Block: Buckler           |    27 |       ||    27

Table legend: (Time is in decaauts)
 A = Elapsed time spent in this place.
 B = Non-inter-level travel time spent in this place.
 C = Inter-level travel time spent in this place.
 D = Time resting spent in this place.
 E = Time spent auto-exploring this place.
 F = Levels seen in this place.
 G = Mean time per level.
                   A        B        C        D        E       F      G
               +--------+--------+--------+--------+--------+-----+--------+
         Total |   1315 |   1284 |     31 |    221 |    820 |   2 |  657.5 |
       Dungeon |   1315 |   1284 |     31 |    221 |    820 |   2 |  657.5 |
               +--------+--------+--------+--------+--------+-----+--------+

Top non-repeatable levels by time:
     D:1: 958 daAuts
     D:2: 356 daAuts
